 Dungeon Crawl Stone Soup version 0.30-a0-908-g5a111fc481 (webtiles) character file.

Game seed: 17412678244631991095

19 shadizar the Firebug (level 2, -3/16 HPs)
             Began as a Gargoyle Fire Elementalist on Mar 19, 2023.
             Slain by a goblin
             ... wielding a +4 dagger of speed
              (6 damage)
             ... on level 2 of the Dungeon.
             The game lasted 00:01:24 (657 turns).

shadizar the Firebug (Gargoyle Fire Elementalist)    Turns: 657, Time: 00:01:25

Health: -3/16      AC:  4    Str: 11    XL:     2   Next: 75%
Magic:  3/5        EV: 12    Int: 15    God:
Gold:   2          SH:  0    Dex: 10    Spells: 4/5 levels left

rFire   . . .      SeeInvis .    c - +1 dagger (venom)
rCold   . . .      Faith    .    (no shield)
rNeg    + . .      Spirit   .    a - +0 robe
rPois   ∞          Reflect  .    (no helmet)
rElec   +          Rampage  .    (no cloak)
rCorr   .                        (no gloves)
Will    .....                    (no boots)
Stlth   ++                       (no amulet)
HPRegen 0.22/turn                l - ring of flight
MPRegen 0.09/turn                (no ring)

@: flying
A: sickness immunity, AC +2, negative energy resistance 1, electricity
resistance, torment resistance 1, petrification resistance
a: no special abilities


You were on level 2 of the Dungeon.
You visited 1 branch of the dungeon, and saw 2 of its levels.

You collected 2 gold pieces.

Inventory:

Hand Weapons
 c - a +1 dagger of venom (weapon)
Armour
 a - a +0 robe (worn)
 d - a +0 leather armour
Jewellery
 l - a ring of flight (left hand)
Scrolls
 g - a scroll of noise {unknown}
 i - a scroll of vulnerability {unknown}
 k - a scroll of enchant armour {unknown}
 n - a scroll of blinking {unknown}
Potions
 b - a potion of magic
 e - 3 potions of heal wounds {unknown}
 f - a potion of invisibility {unknown}
 h - a potion of curing {unknown}
 j - a potion of lignification {unknown}
 m - a potion of degeneration {unknown}


   Skills:
 + Level 0.8 Fighting
 + Level 0.3 Short Blades
 + Level 1.7 Dodging
 + Level 2.4 Stealth
 + Level 2.1 Spellcasting
 + Level 1.5 Conjurations
 + Level 3.1 Fire Magic


You had 4 spell levels left.
You knew the following spells:

 Your Spells              Type           Power      Damage    Failure   Level
a - Foxfire               Conj/Fire      32%        2x1d5     9%          1

Your spell library contained the following spells:

 Spells                   Type           Power      Damage    Failure   Level
 Scorch                   Fire           22%        2d6       9%          2
 Inner Flame              Hex/Fire       6%         N/A       34%         3
 Kindle Blastsparks       Fire/Tloc/Air  8%         2d10      38%         3
 Flame Wave               Conj/Fire      8%         2d5       63%         4


Dungeon Overview and Level Annotations

Branches:
Dungeon (2/15)

Altars:


Innate Abilities, Weirdness & Mutations

You are immune to sickness and miasma.
Your stone body is resilient. (AC +2)
You are immune to poison.
You resist negative energy. (rN+)
You are resistant to electric shocks. (rElec)
You are resistant to unholy torment.
You are immune to petrification.


Message History

(D) Dungeon
Where to? (? - help)
What level of the Dungeon? (default 1, ? - help)
There is a stone staircase leading down here.
You fly downwards.
There is a stone staircase leading up here.
A goblin comes into view. It is wielding a +4 dagger of speed.
The goblin shouts!
The goblin hits you with a +4 dagger of speed.
You completely miss the goblin.
The goblin hits you with a +4 dagger of speed.
You hit the goblin.
The goblin is poisoned.
The goblin is moderately wounded.
The goblin hits you with a +4 dagger of speed.
You are too injured to fight recklessly!
You are too injured to fight recklessly!
You are too injured to fight recklessly!
You are too injured to fight recklessly!
Casting: Foxfire (safe; 9% risk of failure)
Confirm with . or Enter, or press ? or * to list all spells.
You conjure some foxfire!
The goblin hits you but does no damage. x2
Casting: Foxfire (safe; 9% risk of failure)
Confirm with . or Enter, or press ? or * to list all spells.
You conjure some foxfire!
The foxfire hits the goblin.
The goblin is severely wounded.
The foxfire hits the goblin.
The goblin is almost dead.
The goblin hits you with a +4 dagger of speed.
* * * LOW HITPOINT WARNING * * *
Unknown command.
Unknown command.
Unknown command.
Unknown command.
Unknown command.
Unknown command.
Unknown command.
Unknown command.
The goblin attacks as you move away!
The goblin hits you with a +4 dagger of speed.
You die...

## ###
#.####.#
#.#...§#.#
#...g@v..#
#.#.##v#.#
# #...<#
####.# ..#
...# .....
.....#
####...


You could see a goblin (very poisoned, ally target).

Vanquished Creatures
  A dart slug (D:1)
  2 giant cockroaches (D:1)
  2 kobolds (D:1)
  4 quokkas (D:1)
  A ball python (D:1)
  4 bats (D:1)
  A frilled lizard (D:1)
  A goblin (D:1)
  A rat (D:1)
17 creatures vanquished.

Vanquished Creatures (others)
  10 foxfires
10 creatures vanquished.

Grand Total: 27 creatures vanquished

Notes
Turn   | Place    | Note
-------+----------+-------------------------------------------
     0 | D:1      | shadizar the Gargoyle Fire Elementalist began the quest for
                  | the Orb.
     0 | D:1      | Reached XP level 1. HP: 10/10 MP: 3/3
   194 | D:1      | Reached XP level 2. HP: 11/15 MP: 5/5
   657 | D:2      | Slain by a goblin

Illustrated notes

Levels and vault maps discovered:
D:1:      amcnicky_arrival_underground_garden, layout_basic,
          minmay_misc_feat_enclosed
D:2:      layout_basic, serial_shops, nicolae_shop_window_shopping,
          minmay_tree_intersection, uniq_robin

Action                     || total
---------------------------++-------
  Melee: Dagger            ||    35
         Unarmed           ||     2
   Cast: Foxfire           ||     6
   Stab: Sleeping          ||     3
 Armour: Robe              ||    15
  Dodge: Dodged            ||    18

Table legend: (Time is in decaauts)
 A = Elapsed time spent in this place.
 B = Non-inter-level travel time spent in this place.
 C = Inter-level travel time spent in this place.
 D = Time resting spent in this place.
 E = Time spent auto-exploring this place.
 F = Levels seen in this place.
 G = Mean time per level.
                   A        B        C        D        E       F      G
               +--------+--------+--------+--------+--------+-----+--------+
         Total |    655 |    637 |     18 |      0 |    467 |   2 |  327.5 |
       Dungeon |    655 |    637 |     18 |      0 |    467 |   2 |  327.5 |
               +--------+--------+--------+--------+--------+-----+--------+

Top non-repeatable levels by time:
     D:1: 646 daAuts
     D:2: 8 daAuts
